Map: Acropolis LE

Players

Cheater 1 (Insane)

  • Race: Zerg Zerg
  • Spawn Location: 11:00

Cheater 2 (Insane) - Winner!

  • Race: Terran Terran
  • Spawn Location: 5:00

VOD

Have the link to the VOD?

Description

Time

  • Played on: Oct. 9, 2019, 5:42 p.m.
  • Length: 12:45
Show
View Real Time Build Order
Export as new Build Order

Cheater 1 (Insane) Zerg 

Build Orders: Pool First, Zergling Baneling 

Get SALT Encoding   

  12  0:01  Drone  
  13  0:08  Drone  
  14  0:16  Overlord  
  14  0:31  Spawning Pool  
  14  0:32  Drone, Extractor  
  13  0:37  Drone  
  13  0:40  Drone  
  15  1:13  Hatchery  
  14  1:19  Queen, Zergling x2  
  14  1:21  Zergling x2  
  14  1:25  Drone  
  19  1:30  Zergling x2  
  20  1:41  Zergling x2  
  21  1:50  Baneling Nest  
  21  1:52  Drone  
  21  2:02  Zergling x2  
  22  2:14  Overlord  
  22  2:25  Zergling x4  
  22  2:26  Overlord, Zergling x4  
  26  2:33  Baneling  
  26  2:35  Baneling  
  26  2:36  Zergling x4, Baneling x6  
  28  2:46  Zergling x4  
  30  2:57  Zergling x2  
  30  2:58  Zergling x6  
  34  3:08  Zergling x2  
  34  3:09  Zergling x2  
  36  3:15  Baneling x3  
  36  3:18  Zergling x2  
  36  3:19  Zergling x2  
  36  3:29  Overlord, Zergling x2  
  36  3:30  Zergling x2  
  34  3:35  Zergling x2  
  34  3:36  Baneling  
  34  3:37  Baneling x2  
  34  3:38  Zergling x2  
  34  3:41  Zergling x2  
  34  3:44  Zergling x2  
  34  3:47  Baneling x2  
  34  3:48  Baneling x2  
  35  3:51  Zergling x2  
  35  3:52  Zergling x2  
  37  3:56  Baneling x2  
  37  4:02  Zergling x2, Drone x2  
  40  4:05  Drone  
  40  4:08  Drone  
  42  4:12  Drone  
  42  4:15  Drone  
  44  4:27  Roach Warren  
  43  4:32  Lair  
  43  4:47  Overlord  
  43  4:51  Drone  
  44  4:52  Extractor  
  44  4:54  Drone  
  44  4:55  Extractor  
  44  4:56  Drone  
  44  4:59  Drone  
  45  5:01  Drone  
  45  5:04  Drone  
  45  5:06  Drone  
  48  5:09  Drone  
  48  5:10  Roach  
  48  5:13  Roach  
  53  5:16  Overlord  
  53  5:21  Roach  
  55  5:24  Roach  
  57  5:33  Hydralisk Den  
  57  5:34  Drone x2  
  58  5:38  Infestation Pit  
  58  5:39  Overlord  
  58  5:42  Drone  
  58  5:44  Drone  
  58  5:46  Drone  
  58  5:48  Drone  
  61  5:50  Drone  
  61  5:55  Drone  
  63  5:57  Drone  
  64  6:05  Hydralisk  
  64  6:07  Roach  
  64  6:08  Hydralisk, Overlord, Roach  
  72  6:16  Infestor  
  74  6:19  Drone  
  74  6:20  Centrifical Hooks  
  74  6:25  Metabolic Boost  
  75  6:27  Overlord  
  75  6:29  Hydralisk  
  77  6:37  Hydralisk, Extractor  
  77  6:39  Infestor  
  78  6:40  Drone x2, Evolution Chamber  
  78  6:41  Roach  
  83  6:48  Overlord  
  83  6:49  Hatchery  
  83  6:52  Drone  
  83  6:59  Drone  
  84  7:02  Drone  
  84  7:05  Zerg Ground Armor Level 1  
  84  7:08  Overseer, Evolution Chamber  
  84  7:10  Drone  
  84  7:12  Overlord, Roach, Drone  
  84  7:15  Drone  
  89  7:17  Ravager  
  89  7:20  Drone  
  91  7:23  Ravager, Evolution Chamber  
  91  7:25  Drone  
  92  7:31  Drone  
  92  7:33  Zerg Melee Weapons Level 1  
  92  7:36  Pneumatized Carapace, Drone  
  94  7:40  Burrow  
  94  7:42  Drone  
  94  7:43  Hydralisk, Roach  
  94  7:44  Roach, Spine Crawler  
  100  7:47  Hydralisk  
  100  7:49  Zerg Missile Weapons Level 1  
  102  7:52  Hydralisk  
  102  7:57  Hydralisk, Glial Reconstitution  
  106  8:00  Infestor  
  106  8:02  Spine Crawler  
  106  8:03  Infestor  
  109  8:08  Extractor  
  109  8:09  Roach  
  109  8:11  Overlord, Pathogen Glands  
  110  8:14  Drone  
  110  8:15  Drone x2  
  113  8:29  Overlord, Queen, Extractor, Drone x2  
  113  8:30  Drone  
  113  8:31  Drone  
  113  8:32  Drone  
  119  8:35  Drone  
  119  8:41  Spore Crawler  
  119  8:42  Drone  
  119  8:43  Spore Crawler, Drone  
  119  8:46  Drone  
  119  8:47  Overlord, Queen, Drone  
  119  8:48  Drone  
  125  8:54  Roach, Drone  
  128  8:57  Drone  
  128  9:00  Zerg Ground Armor Level 2  
  129  9:06  Overlord, Drone  
  129  9:08  Lurker Den, Neural Parasite, Drone  
  122  9:15  Zergling x2, Drone  
  95  9:18  Hydralisk, Ravager  
  95  9:19  Zergling x2, Roach, Drone  
  93  9:26  Hydralisk, Zergling x2  
  93  9:29  Drone  
  97  9:33  Hive  
  97  9:34  Baneling  
  97  9:35  Baneling  
  97  9:37  Drone x2  
  97  9:38  Baneling x2  
  99  9:40  Zergling x2  
  99  9:43  Zerg Missile Weapons Level 2  
  100  9:46  Hydralisk, Baneling x2  
  100  9:47  Zergling x4  
  100  9:48  Zergling x2  
  100  9:49  Zergling x2  
  100  9:51  Zergling x2  
  100  9:52  Zerg Melee Weapons Level 2  
  107  9:53  Hydralisk, Zergling x2  
  107  9:54  Roach  
  107  9:58  Baneling  
  107  9:59  Zergling x2, Baneling  
  115  10:00  Roach  
  115  10:01  Zergling x2  
  115  10:05  Baneling  
  115  10:06  Baneling x2  
  115  10:07  Baneling  
  116  10:08  Baneling x2  
  116  10:09  Drone  
  116  10:10  Drone  
  116  10:12  Drone  
  116  10:13  Spine Crawler  
  118  10:15  Zergling x2  
  118  10:16  Zergling x4, Queen  
  118  10:17  Baneling x2  
  118  10:19  Baneling x2  
  107  10:22  Roach  
  107  10:23  Zergling x4  
  107  10:25  Hydralisk  
  107  10:26  Roach, Drone  
  107  10:27  Roach  
  96  10:28  Drone  
  96  10:32  Hydralisk  
  96  10:35  Zergling x2  
  84  10:38  Baneling  
  84  10:39  Baneling  
  84  10:40  Baneling x2  
  84  10:41  Baneling x2  
  73  10:42  Baneling  
  73  10:43  Hydralisk  
  73  10:44  Zergling x2, Drone  
  73  10:45  Zergling x2, Drone, Baneling x2  
  78  10:53  Baneling  
  78  10:55  Drone, Baneling  
  78  10:56  Drone  
  81  10:57  Zergling x2  
  81  10:58  Zergling x2  
  81  11:03  Spine Crawler  
  72  11:06  Roach, Overseer  
  72  11:09  Baneling  
  67  11:14  Roach, Drone  
  67  11:15  Zergling x2  
  67  11:18  Roach  
  66  11:21  Queen  
  61  11:29  Drone  
  61  11:30  Drone  
  61  11:31  Drone  
  61  11:32  Drone x2  
  54  11:33  Drone  
  54  11:34  Ravager, Drone  
  54  11:35  Drone x2  
  54  11:36  Drone x2, Baneling  
  54  11:39  Zergling x2  
  44  11:42  Roach, Drone x2  
  44  11:43  Overseer  
  44  11:46  Overseer  
  26  12:10  Overseer, Drone  
Show
View Real Time Build Order
Export as new Build Order

Cheater 2 (Insane) Terran - Winner!

Build Orders:  

Get SALT Encoding   

  12  0:00  SCV  
  13  0:13  SCV  
  14  0:17  Supply Depot  
  14  0:25  SCV  
  15  0:39  SCV, Refinery  
  15  0:42  Barracks  
  16  0:51  SCV  
  16  0:54  Barracks  
  17  1:03  SCV  
  18  1:15  SCV  
  19  1:28  Barracks  
  19  1:31  Marine, Orbital Command  
  20  1:41  Marine, Supply Depot  
  21  1:49  Marine  
  22  1:57  SCV  
  22  1:59  Barracks Tech Lab  
  23  2:08  Barracks Tech Lab  
  23  2:09  SCV  
  23  2:12  Supply Depot  
  23  2:14  Marine  
  25  2:17  Marine, Concussive Shells  
  25  2:21  SCV  
  27  2:26  Marine, Stimpack  
  28  2:32  Marine  
  28  2:34  Supply Depot  
  28  2:35  Marine  
  30  2:42  SCV  
  30  2:43  Marine  
  32  2:48  Supply Depot  
  32  2:49  Marine  
  33  2:53  Marauder  
  35  2:59  SCV  
  35  3:00  Combat Shield  
  35  3:01  Marine  
  37  3:07  Marine  
  37  3:11  Refinery  
  38  3:15  Supply Depot, SCV, Marauder  
  38  3:19  Marine  
  42  3:25  Marine  
  33  3:36  Marauder  
  33  3:37  Marauder  
  35  3:43  Marine  
  35  3:47  Factory  
  36  3:56  SCV  
  36  3:57  Marine  
  36  3:58  Marine  
  36  4:01  Marine  
  40  4:08  SCV  
  41  4:15  Marine  
  41  4:16  Marine  
  43  4:19  Marine, Supply Depot  
  43  4:20  SCV  
  45  4:26  Command Center  
  45  4:32  SCV  
  45  4:33  Marauder  
  45  4:34  Marine  
  45  4:36  Marine, Starport  
  50  4:42  Supply Depot  
  50  4:44  SCV, Hellion  
  53  4:52  Marine  
  54  4:54  Marine x2  
  54  4:57  Engineering Bay  
  56  5:05  Hellion, Supply Depot  
  58  5:10  Marine  
  58  5:12  Marine, Marauder, Medivac  
  64  5:21  Engineering Bay  
  64  5:24  Terran Infantry Armor Level 1  
  64  5:26  Hellion  
  64  5:28  Marauder  
  68  5:31  Barracks Reactor, Supply Depot  
  68  5:34  Marauder  
  70  5:39  SCV  
  70  5:41  SCV  
  70  5:42  Medivac  
  74  5:47  Terran Infantry Weapons Level 1  
  74  5:48  Hellion  
  74  5:49  Marauder, Refinery  
  78  5:51  SCV  
  78  5:52  Refinery  
  78  5:53  SCV  
  78  5:55  Marauder  
  82  6:00  Missile Turret  
  82  6:03  SCV  
  83  6:05  SCV  
  83  6:08  Missile Turret  
  83  6:09  Hellion  
  83  6:10  Barracks  
  86  6:15  SCV  
  86  6:17  SCV  
  88  6:18  Starport Reactor  
  88  6:19  Marauder  
  88  6:22  Supply Depot  
  88  6:25  Marauder  
  92  6:27  SCV  
  92  6:28  Command Center  
  92  6:30  Factory Tech Lab, Orbital Command  
  93  6:39  SCV  
  94  6:43  Missile Turret  
  94  6:49  Hellion  
  94  6:51  SCV, Supply Depot  
  97  6:56  SCV  
  98  7:02  Armory  
  98  7:03  Marauder  
  98  7:04  SCV  
  98  7:08  SCV  
  102  7:10  Hellion  
  102  7:11  Infernal Pre-Igniter, Armory  
  102  7:14  Missile Turret  
  104  7:15  Supply Depot  
  104  7:16  SCV  
  104  7:19  Medivac x2  
  104  7:20  SCV  
  110  7:28  SCV, Marauder  
  113  7:30  Factory  
  113  7:31  Hellion  
  113  7:32  SCV  
  113  7:36  Starport  
  116  7:37  Marauder  
  116  7:39  Supply Depot  
  116  7:41  SCV x2  
  116  7:42  Missile Turret  
  120  7:44  SCV  
  120  7:49  Marauder, Terran Vehicle Weapons Level 1  
  123  7:53  SCV, Widow Mine, Terran Infantry Weapons Level 2  
  123  7:55  SCV  
  123  7:56  SCV  
  123  7:58  Terran Vehicle And Ship Armor Level 1  
  128  7:59  Marauder  
  128  8:05  SCV  
  131  8:06  Supply Depot  
  131  8:08  SCV, Orbital Command  
  131  8:09  Command Center  
  131  8:10  Marauder  
  134  8:12  Starport Tech Lab  
  134  8:13  Factory Tech Lab  
  134  8:14  Hellion  
  134  8:17  SCV  
  134  8:19  Missile Turret  
  137  8:20  SCV, Marauder  
  137  8:26  Missile Turret  
  140  8:29  SCV  
  140  8:31  Siege Tank  
  140  8:32  Raven, Marauder  
  140  8:33  SCV, Supply Depot  
  149  8:34  SCV  
  149  8:36  Widow Mine  
  149  8:38  Liberator, Rapid Reignition System  
  149  8:39  Hi-Sec Auto Tracking  
  152  8:41  SCV  
  152  8:45  SCV  
  152  8:46  SCV  
  155  8:52  Barracks, Barracks Tech Lab  
  155  8:53  SCV  
  155  8:55  Marine  
  160  8:57  SCV, Widow Mine  
  160  8:58  Supply Depot  
  163  9:04  Siege Tank  
  163  9:09  SCV  
  162  9:10  SCV  
  162  9:13  Missile Turret  
  162  9:15  Raven, Marauder  
  162  9:16  Marine  
  138  9:18  Cyclone, Medivac  
  138  9:21  Liberator, SCV  
  138  9:22  SCV, Planetary Fortress  
  145  9:26  Missile Turret  
  145  9:29  Marine  
  145  9:30  Refinery  
  145  9:33  SCV, Missile Turret  
  145  9:34  SCV x2, Missile Turret  
  145  9:35  Refinery  
  145  9:36  Terran Infantry Armor Level 2, Widow Mine  
  149  9:39  Marine x2  
  149  9:40  Marine x2  
  149  9:42  Marine  
  149  9:45  SCV  
  158  9:46  Command Center  
  158  9:47  Marine  
  158  9:48  Viking  
  158  9:50  Siege Tank  
  158  9:52  SCV x2  
  166  9:57  SCV, Marauder, Widow Mine  
  166  9:59  SCV  
  172  10:00  Supply Depot  
  172  10:02  Marauder  
  172  10:03  Terran Vehicle Weapons Level 2  
  172  10:04  SCV  
  172  10:05  SCV  
  172  10:06  Marine x2  
  178  10:09  Neosteel Armor, SCV, Viking  
  178  10:11  SCV  
  178  10:13  Marauder  
  184  10:17  Marine, Ghost Academy  
  184  10:18  Marine, Cyclone, Viking  
  182  10:21  Viking  
  182  10:22  Siege Tank  
  182  10:23  Marine x2  
  182  10:24  Marine  
  178  10:34  Refinery  
  178  10:35  Marine, Marauder  
  174  10:36  Marine, Refinery  
  174  10:39  Medivac  
  174  10:41  Marine, Marauder  
  174  10:42  Marine, Missile Turret  
  179  10:44  Missile Turret  
  179  10:48  Medivac  
  181  10:51  Widow Mine, Viking  
  181  10:52  Marine  
  181  10:54  Siege Tank, Marauder  
  181  10:55  Ghost  
  193  10:59  Marine  
  193  11:00  Refinery, Planetary Fortress  
  193  11:03  Marine  
  187  11:04  Marine  
  187  11:09  Viking  
  187  11:10  Marine, Missile Turret  
  183  11:11  Command Center  
  183  11:12  Cyclone  
  183  11:14  Refinery  
  183  11:15  Marauder  
  183  11:17  Marine, Missile Turret  
  183  11:18  Viking  
  182  11:20  Ghost  
  182  11:21  Medivac  
  182  11:22  Marine, Liberator  
  182  11:24  Marine  
  185  11:26  Siege Tank  
  185  11:27  Missile Turret  
  185  11:28  Marine  
  189  11:35  Marine  
  189  11:37  Marauder  
  189  11:40  Marine  
  189  11:42  Marauder  
  189  11:44  Cyclone  
  189  11:46  Marine  
  194  11:48  Medivac, Missile Turret  
  194  11:50  Marauder  
  194  11:51  Viking  
  194  11:52  Marine  
  200  12:01  Widow Mine  
  195  12:08  Marine x2  
  195  12:09  Marine x2  
  195  12:11  Marine x2  
  189  12:17  Fusion Core  
  198  12:26  Refinery  
  194  12:35  Missile Turret  
  193  12:40  Missile Turret  
  193  12:44  Missile Turret  
Tags
 
Matchup
TvZ
Opening
Pool First
Spawn Locations
Cross Positions
Add a new tag
Caveats
  • Supply blocks, unpowered buildings, or Contaminate may cause inaccurate times.
  • Supply counts are checked every 10 seconds.